Cogmind - Beta 17.1 @@@ ROGUE MODE // 2026.09.09 @ 19:47:42 Player: Ev Result: Destroyed by G-50 Soldier with Heavy Laser Performance ------------- Evolutions (5) 2500 Regions Visited (8) 1600 Robots Destroyed (107) 535 Value Destroyed (3356) 3356 Prototype IDs (11) 220 Alien Tech Used (0) 0 Bonus (500) 500 TOTAL SCORE: 8711 Bonus ------- Entered DSFs 500 Cogmind --------- Core Integrity 0/1000 Matter 178/300 Energy 99/100 System Corruption 7% Temperature Cool (11) Movement Hovering (70) Location -5/Extension Parts ------- > --- POWER (2) -------- (None) > --- PROPULSION (4) --- Gyrokinetic Inverter > --- UTILITY (9) ------ Enhanced Optical Array IFF Parser Terrain Scan Processor Advanced ECM Suite Graphene Brace Improved Hacking Suite > --- WEAPON (2) ------- KE Penetrator Improved Datajack > --- INVENTORY (5) ---- Compact Wheel Advanced Trap Extractor (0/8) Peak State ------------ > --- POWER ------------ Light Angular Momentum Engine Light Angular Momentum Engine > --- PROPULSION ------- Gyrokinetic Inverter Gyrokinetic Inverter Linear Gravjet > --- UTILITY ---------- Improved Cryofiber Web Enhanced Optical Array Advanced Signal Interpreter Terrain Scan Processor Armor Integrity Analyzer Phase Shifter Hardened Medium Armor Plating Graphene Brace EM Shield > --- WEAPON ----------- Cooled Plasma Cannon Cooled Plasma Cannon > --- INVENTORY -------- IFF Parser Advanced ECM Suite Improved Hacking Suite Advanced Trap Extractor Improved Datajack [Rating: 83] Favorites ----------- Power Ion Engine Engine Ion Engine Power Core Light Nuclear Core Propulsion VTOL Module Treads Light Treads Leg Carbon-fiber Leg Wheel Wheel Hover Unit Gyrokinetic Inverter Flight Unit VTOL Module Utility Small Storage Unit Device Graphene Brace Storage Small Storage Unit Processor Improved Targeting Computer Hackware Improved Hacking Suite Protection Propulsion Shielding Weapon Advanced Beam Cannon Energy Gun Thermic Laser Energy Cannon Advanced Beam Cannon Ballistic Gun Assault Rifle Ballistic Cannon Improved Light Cannon Launcher Rocket Launcher Impact Weapon Maul Slashing Weapon Katana Special Melee Weapon Datajack Build | -11 -10 -9 -8 -7 -7 -6 -5 -5 ------- Run | Yrd Mat Mat Mat Fac DSF Fac Fac Ext Slots Evolved 10 | . . 2 2 2 . 2 2 . Power 1 | . . . . . . . 1 . Propulsion 2 | . . 1 1 . . . . . Utility 7 | . . 1 1 2 . 2 1 . Weapon . | . . . . . . . . . Parts Attached 163 | 7 17 29 20 2 22 43 21 2 Power 18 | 1 1 5 2 1 2 3 3 . Engine 10 | 1 1 4 1 1 . . 2 . Core 8 | . . 1 1 . 2 3 1 . Reactor . | . . . . . . . . . Propulsion 53 | 2 8 7 12 . 6 11 7 . Treads 8 | . 2 4 2 . . . . . Leg 8 | . 1 . 2 . . 1 4 . Wheel 13 | 2 2 1 1 . . 7 . . Hover 15 | . 1 . 4 . 6 1 3 . Flight 9 | . 2 2 3 . . 2 . . Utility 49 | 2 3 6 4 1 9 19 4 1 Device 22 | 1 1 . . . 4 13 3 . Storage 3 | 1 . 1 1 . . . . . Processor 10 | . 2 1 2 . 2 3 . . Hackware 1 | . . . . . . . . 1 Protection 13 | . . 4 1 1 3 3 1 . Artifact . | . . . . . . . . . Weapon 43 | 2 5 11 2 . 5 10 7 1 Energy Gun 13 | 1 4 . . . . 6 2 . Energy Cannon 16 | . . 4 1 . 3 4 4 . Ballistic Gun 6 | 1 1 1 1 . 1 . 1 . Ballistic Cannon 2 | . . 2 . . . . . . Launcher 1 | . . 1 . . . . . . Special Weapon . | . . . . . . . . . Impact Weapon 2 | . . 2 . . . . . . Slashing Weapon 1 | . . . . . 1 . . . Piercing Weapon . | . . . . . . . . . Special Melee Weapon 2 | . . 1 . . . . . 1 Unidentified Prototypes 9 | . 1 4 2 . 1 1 . . Corrupted Parts 1 | . . . . . . 1 . . System Corruption 3 | . . . . . . 3 . . Parts Lost 55 | . . 6 1 . 6 24 18 . Power 7 | . . 2 . . . 2 3 . Propulsion 17 | . . 1 1 . 3 8 4 . Utility 20 | . . 2 . . 2 9 7 . Weapon 11 | . . 1 . . 1 5 4 . Highest Loss Streak 13 | . . 6 1 . 2 10 13 . To Critical Strikes . | . . . . . . . . . Average Backups 8 | 2 7 12 8 7 7 6 4 1 Power . | . . . . . . . . . Propulsion 1 | 1 1 2 . 1 1 . . . Utility 5 | . 3 7 6 5 5 5 3 1 Weapon . | . 1 1 . . . . . . Tool/Special . | . . . . . . . . . Unused Backups 38 | 2 5 5 8 2 7 7 1 1 Power 3 | . 1 . . 1 . 1 . . Propulsion 5 | 2 1 . . . 2 . . . Utility 24 | . 2 3 8 1 5 4 . 1 Weapon 6 | . 1 2 . . . 2 1 . Tool/Special . | . . . . . . . . . Average Slot Usage (%) 85 | . 89 90 89 98 90 83 75 51 Engine 4 | . 8 9 1 7 5 . 5 . Core 2 | . . 1 1 . 1 5 . . Treads 6 | . 13 14 5 . . . . . Wheel 2 | . 2 . 1 . . 5 4 . Hover 4 | . 3 . 1 30 26 5 8 5 Flight 7 | . 4 8 24 . . 3 . . Device 8 | . 8 4 . . 4 15 19 16 Storage 7 | . 14 11 9 7 7 3 . . Processor 14 | . 5 11 17 15 18 20 20 11 Protection 5 | . . 6 9 21 10 7 . . Energy Gun 2 | . 9 . . . . 3 1 . Energy Cannon 9 | . . 14 15 7 10 4 7 . Ballistic Gun 2 | . 16 . 2 7 3 . . 5 Peak Build Rating 83 | 7 14 19 35 42 53 63 83 43 Average Rating 31 | 5 7 15 24 41 46 53 61 42 On Entrance 27 | . 7 14 19 35 42 52 49 28 Avg Prop Armor Cover (%) 5 | . 6 9 8 . . 2 3 . Naked Turns . | . . . . . . . . . Heaviest Build 50 | 15 15 39 20 28 50 28 46 11 Greatest Support 69 | 20 40 69 32 32 36 58 45 12 Greatest Overweight (x) 9 | 1 4 8 6 . 2 9 3 . Average Overweight (x) . | . . . . . . . . . Largest Inventory Capacity 15 | 8 8 15 15 8 8 8 5 5 Average Capacity 8 | 7 8 13 8 8 8 6 5 5 Most Carried 15 | 6 8 15 15 8 8 8 5 4 Average Carried 8 | 2 7 12 7 7 7 6 4 1 Final Capacity 15 | 8 8 15 8 8 8 5 5 5 Final Carried 15 | 4 8 15 8 8 8 4 5 2 Class Distribution -------------------- 78% | Mutant 9% | Scavenger-Skirmisher 8% | Scavenger-Mutant Dominant Class ---------------- Mutant | -10/Materials Mutant | -9/Materials Mutant | -8/Materials Mutant | -7/Factory Mutant | -7/DSF Mutant | -6/Factory Scavenger-Mutant | -5/Factory Mutant | -5/Extension Resources | -11 -10 -9 -8 -7 -7 -6 -5 -5 ----------- Run | Yrd Mat Mat Mat Fac DSF Fac Fac Ext Matter Collected 2896 | 398 442 577 300 . 297 581 126 175 Remotely . | . . . . . . . . . Salvage Created 4880 | 220 441 1332 561 . 399 1251 552 124 Parts 251 | 16 25 80 25 . 26 53 24 2 Haulers Intercepted 5 | . . 5 . . . . . . Recyclers Shooed 7 | 1 1 1 . . . 3 1 . Parts Field Recycled . | . . . . . . . . . Retrieved Matter . | . . . . . . . . . Parts Self-Destructed . | . . . . . . . . . Prevented . | . . . . . . . . . Parts Restored . | . . . . . . . . . Kills | -11 -10 -9 -8 -7 -7 -6 -5 -5 ------- Run | Yrd Mat Mat Mat Fac DSF Fac Fac Ext Combat Hostiles Destroyed 64 | . 5 20 10 . 8 15 6 . Melee 10 | . . 2 . . . 8 . . Guns 11 | . 5 . 1 . 4 1 . . Cannons 29 | . . 12 8 . 1 5 3 . AOE 9 | . . 5 . . . 1 3 . Classes Destroyed 18 | 3 4 3 1 . 3 4 . . Worker 4 | 2 . 2 . . . . . . Builder 7 | . 1 2 . . . 4 . . Tunneler 5 | 4 1 . . . . . . . Hauler 5 | . . 5 . . . . . . Recycler 8 | 1 1 1 . . . 3 1 1 Mechanic 1 | . . 1 . . . . . . Operator 4 | . 2 1 1 . . . . . Watcher 9 | . 2 4 1 . . 1 1 . Swarmer 4 | . . . . . . 4 . . Cutter 3 | . . . . . 3 . . . Grunt 36 | . 5 13 8 . . 6 4 . Brawler 1 | . . . . . . 1 . . Duelist 1 | . . . . . . 1 . . Sentry 8 | . . 7 1 . . . . . Specialist 3 | . . . . . 3 . . . Hunter 4 | . . . 1 . 1 2 . . Programmer 3 | . . . . . . 1 2 . Heavy 1 | . . . . . 1 . . . Best Kill Streak 6 | 5 3 5 3 . 4 6 4 1 Combat Bots Only 4 | . 2 3 3 . 4 4 4 . Max Kills in Single Turn 3 | 2 1 3 1 . 1 1 3 1 Gunslinging . | . . . . . . . . . Exploded 3 | . . 2 . . . 1 3 . Melee 1 | . . 1 . . . 1 . . Uniques/NPCs Destroyed . | . . . . . . . . . Combat | -11 -10 -9 -8 -7 -7 -6 -5 -5 -------- Run | Yrd Mat Mat Mat Fac DSF Fac Fac Ext Hostile Shots Fired 638 | . 14 127 41 . 63 227 157 9 Missed 167 | . 4 35 11 . 22 52 39 4 Hits 471 | . 10 92 30 . 41 175 118 5 Melee 7 | . . . . . 4 3 . . Projectile 464 | . 10 92 30 . 37 172 118 5 AOE 2 | . . . . . 2 . . . Critical Strikes 21 | . . 3 . . 6 6 5 1 Actively Blocked 10 | . . . . . 2 2 5 1 Damage Taken 8500 | . 156 1263 506 . 1048 3016 2418 93 Core 2546 | . 43 346 240 . 153 748 978 38 Absorbed by Shields 46 | . . . . . . . 46 . Redirected to Shielding 436 | . . 8 57 . 78 293 . . Ignored by Resistances 162 | . . . . . . 64 98 . Regen/Repaired (Parts) 21 | . . 21 . . . . . . Core Remaining (%) 56 | 100 82 13 56 . 78 12 . . Volleys Fired 311 | 15 38 64 41 . 23 56 27 47 Largest 2 | 2 2 2 2 . 2 2 2 1 Hottest 225 | 70 90 136 143 . 138 210 225 33 Shots Fired 473 | 30 61 103 77 . 41 78 37 46 Gun 210 | 30 61 . 21 . 15 25 12 46 Cannon 256 | . . 96 56 . 26 53 25 . Launcher 7 | . . 7 . . . . . . Special . | . . . . . . . . . Kinetic 157 | 15 33 26 21 . 15 . 1 46 Thermal 214 | 15 . 27 56 . 4 76 36 . Explosive 7 | . . 7 . . . . . . Electromagnetic 95 | . 28 43 . . 22 2 . . Robot Hit Streak 16 | 6 15 10 11 . 7 16 5 8 Robot Miss Streak 3 | 2 2 3 3 . 3 3 3 2 Penetration Max 1 | . . . 1 . . . . 1 Secondary Targets 2 | . 1 . . . 1 . . . Max Gunslinging Chain 1 | . 1 . . . 1 . . . Shots Hit Robots 329 | 21 30 86 50 . 28 82 15 17 Core Hits 144 | 8 19 38 20 . 9 35 12 3 Critical Kills 4 | . . 2 1 . . 1 . . Critical Parts Destroyed 6 | 1 . 2 1 . . . . 2 Critical Strikes 17 | 3 . 5 2 . . 5 . 2 Burn 4 | 2 . . . . . 2 . . Meltdown 3 | . . 1 1 . . 1 . . Destroy 4 | 1 . . 1 . . . . 2 Blast 1 | . . 1 . . . . . . Smash 3 | . . 3 . . . . . . Sever 2 | . . . . . . 2 . . Melee Attacks 63 | . . 22 . . . 41 . . Impact 11 | . . 11 . . . . . . Slashing 41 | . . . . . . 41 . . Piercing . | . . . . . . . . . Sneak Attacks 9 | . . 9 . . . . . . Combat Hostiles . | . . . . . . . . . Follow-up Attacks 2 | . . 2 . . . . . . Damage Inflicted 9393 | 290 479 2299 1079 . 701 2830 1241 474 Guns 2118 | 290 444 . 234 . 169 249 258 474 Cannons 4562 | . . 1391 845 . 532 1440 354 . Explosions 1459 | . 35 541 . . . 265 618 . Melee 1243 | . . 367 . . . 876 . . Ramming 11 | . . . . . . . 11 . Kinetic 1518 | 167 162 312 234 . 169 . . 474 Thermal 4566 | 123 35 584 845 . 63 1686 1230 . Explosive 568 | . . 303 . . . 265 . . Electromagnetic 1487 | . 282 733 . . 469 3 . . Impact 367 | . . 367 . . . . . . Slashing 876 | . . . . . . 876 . . Piercing . | . . . . . . . . . Highest Corruption 7 | . . . 1 . . 5 7 7 Average Corruption 3 | . . . 1 . . 3 6 7 Corruption Purged . | . . . . . . . . . Corruption Blocked . | . . . . . . . . . Effects 29 | . . . 2 . . 12 10 5 Message Errors 5 | . . . 1 . . 3 . 1 Matter Fused 9 | . . . 1 . . 4 3 1 Heat Flow Errors 2 | . . . . . . 1 1 . Energy Discharges 3 | . . . . . . . 2 1 Parts Rejected 1 | . . . . . . . 1 . Data Loss (minor) 2 | . . . . . . . 1 1 Data Loss (major) 4 | . . . . . . 3 1 . Alerts 2 | . . . . . . 1 1 . Weapon Failures 1 | . . . . . . . . 1 Overload Shots 20 | . . . . . . 6 14 . Effects 1 | . . . . . . . 1 . Short Circuit 1 | . . . . . . . 1 . Overflow Damage 439 | . . 131 . . . 211 97 . Projectiles 136 | . . 54 . . . 82 . . Explosions 165 | . . . . . . 68 97 . Melee 138 | . . 77 . . . 61 . . Knockbacks . | . . . . . . . . . Impact . | . . . . . . . . . Kinetic . | . . . . . . . . . Secondary . | . . . . . . . . . Self-Inflicted Damage 286 | . 40 61 . . . 128 57 . Shots 6 | . 1 2 . . . 2 1 . Rammed 5 | . . . . . . . 5 . Targets Rammed 5 | . . . . . . . 5 . Kicked . | . . . . . . . . . Crushed . | . . . . . . . . . Highest Temperature 702 | 108 60 258 267 . 110 456 702 . Average Temperature 105 | 46 20 77 108 . 36 103 274 . Received Heat Transfer 1971 | . 60 516 171 . 54 486 639 45 Effects 15 | . . 2 . . . 2 11 . Energy Bleed 1 | . . 1 . . . . . . Interference 10 | . . 1 . . . 2 7 . Matter Decay 1 | . . . . . . . 1 . Short Circuit 1 | . . . . . . . 1 . Damage (minor) 1 | . . . . . . . 1 . Damage (major) 1 | . . . . . . . 1 . Siege Activations . | . . . . . . . . . Martial Activations . | . . . . . . . . . Shielding Activations . | . . . . . . . . . Robots Disrupted . | . . . . . . . . . Combat Hostiles . | . . . . . . . . . Robots Corrupted 4 | . . 1 . . 3 . . . Combat Hostiles 4 | . . 1 . . 3 . . . Parts Fried 13 | . 2 4 . . 7 . . . Impact Corruptions 2 | . . 2 . . . . . . Robots Melted 3 | . . 1 1 . . 1 . . Combat Hostiles 1 | . . . 1 . . . . . Parts Melted 10 | 1 . . 1 . . 5 3 . Heat Transferred 7071 | 518 50 779 1443 . 111 2938 1232 . Parts Sabotaged . | . . . . . . . . . Parts Stolen . | . . . . . . . . . Parts Stripped . | . . . . . . . . . Power Chain Reactions 3 | . 1 2 . . . . . . Alert | -11 -10 -9 -8 -7 -7 -6 -5 -5 ------- Run | Yrd Mat Mat Mat Fac DSF Fac Fac Ext Maximum Alert Level 1 | . . 1 . . . . . . Low Security (%) 99 | 100 100 98 100 100 100 100 100 100 Level 1 . | . . 1 . . . . . . Level 2 . | . . . . . . . . . Level 3 . | . . . . . . . . . Level 4 . | . . . . . . . . . Level 5 . | . . . . . . . . . High Security . | . . . . . . . . . Max Security . | . . . . . . . . . Sterilizations 1 | . . . . . 1 . . . Peak Influence 203 | 15 52 203 143 43 154 83 144 29 Initial 81 | . . 13 81 43 19 80 29 14 Average 40 | 2 11 53 57 37 110 20 43 5 Influence Increases 2228 | 35 193 688 296 5 195 506 274 36 Destroy 0b10 Robot/C 1280 | . 100 400 200 . 160 300 120 . Destroy 0b10 Robot/NC 225 | 35 35 80 10 . . 40 20 5 Destroy Leader 318 | . 34 128 52 . 20 62 22 . Successful Hack 67 | . 5 12 15 5 . 30 . . Disable Machine 150 | . . 15 15 . . 45 60 15 Destroy Structure 143 | . 4 38 4 . . 29 52 16 Lose Combat Pursuer 45 | . 15 15 . . 15 . . . Influence Decreases 2228 | 35 160 527 394 73 69 599 304 67 Entered New Map 318 | . . 20 113 53 9 74 32 17 Time Decay 1469 | 35 160 447 271 20 . 310 176 50 Lost Part 441 | . . 60 10 . 60 215 96 . Squads Dispatched 21 | . 3 . 4 . 3 5 6 . Investigation 5 | . 1 . 1 . . 2 1 . Extermination 3 | . . . . . . 2 1 . Reinforcement 10 | . 2 . . . 3 1 4 . Assault . | . . . . . . . . . Garrison 3 | . . . 3 . . . . . Intercept . | . . . . . . . . . Searches Triggered . | . . . . . . . . . Construction Impeded 1 | . . . . . . . 1 . Haulers Reinforced . | . . . . . . . . . Active Scanning Responses . | . . . . . . . . . Cargo Convoy Interrupts . | . . . . . . . . . Stealth | -11 -10 -9 -8 -7 -7 -6 -5 -5 --------- Run | Yrd Mat Mat Mat Fac DSF Fac Fac Ext Distress Signals 5 | . . 3 1 . . 1 . . Communications Jammed . | . . . . . . . . . Distress Signals . | . . . . . . . . . Times Spotted 110 | . 10 34 14 . 16 24 10 2 Peak Tracking Total 7 | . 3 7 3 . 6 7 5 2 Tactical Retreats 3 | . 1 1 . . 1 . . . Traps | -11 -10 -9 -8 -7 -7 -6 -5 -5 ------- Run | Yrd Mat Mat Mat Fac DSF Fac Fac Ext Traps Triggered 5 | . . 1 1 . 1 1 1 . Indirectly . | . . . . . . . . . Trap Hack Attempts . | . . . . . . . . . Triggered . | . . . . . . . . . Disarmed . | . . . . . . . . . Reprogrammed . | . . . . . . . . . Reused . | . . . . . . . . . Traps Extracted . | . . . . . . . . . Installed . | . . . . . . . . . Triggered . | . . . . . . . . . Machines | -11 -10 -9 -8 -7 -7 -6 -5 -5 ---------- Run | Yrd Mat Mat Mat Fac DSF Fac Fac Ext Machines Disabled 10 | . . 1 1 . . 3 4 1 Max in Single Turn 2 | . . 1 1 . . 2 2 1 Machines Repaired . | . . . . . . . . . Machines Dismantled . | . . . . . . . . . Machines Sabotaged . | . . . . . . . . . Overloaded Fab Kills . | . . . . . . . . . Hacking | -11 -10 -9 -8 -7 -7 -6 -5 -5 --------- Run | Yrd Mat Mat Mat Fac DSF Fac Fac Ext Machines Accessed 22 | . 2 6 4 1 . 7 2 . Terminals 17 | . 2 5 4 1 . 4 1 . Fabricators . | . . . . . . . . . Repair Stations 1 | . . 1 . . . . . . Recycling Units 1 | . . . . . . 1 . . Scanalyzers 3 | . . . . . . 2 1 . Garrison Access . | . . . . . . . . . Total Hacks 59 | . 4 15 10 1 . 25 4 . Successful 31 | . 1 7 6 1 . 13 3 . Failed 27 | . 3 8 4 . . 11 1 . Catastrophic 5 | . 1 . 1 . . 2 1 . Database Lockouts 1 | . . . . . . 1 . . Manual 34 | . 4 12 8 . . 9 1 . Terminals 40 | . 4 12 10 1 . 12 1 . Fabricators . | . . . . . . . . . Repair Stations 3 | . . 3 . . . . . . Recycling Units 3 | . . . . . . 3 . . Scanalyzers 13 | . . . . . . 10 3 . Garrison Access . | . . . . . . . . . Terminal Hacks 6 | . . 1 2 1 . 2 . . Robot Analysis 1 | . . 1 . . . . . . Prototype ID Bank 1 | . . . . . . 1 . . Open DSF 2 | . . . . 1 . 1 . . Scanalyzer Index 1 | . . . 1 . . . . . Alert Level 1 | . . . 1 . . . . . Fabricator Hacks . | . . . . . . . . . Repair Station Hacks 3 | . . 3 . . . . . . Scan Component 2 | . . 2 . . . . . . Repair 1 | . . 1 . . . . . . Recycling Unit Hacks . | . . . . . . . . . Scanalyzer 11 | . . . . . . 8 3 . Insert Component 3 | . . . . . . 3 . . Analyze 4 | . . . . . . 4 . . Retrieve Study 4 | . . . . . . 1 3 . Garrison Access Hacks . | . . . . . . . . . Unauthorized Hacks 11 | . 1 3 4 . . 3 . . Terminals 11 | . 1 3 4 . . 3 . . Track 1 | . . . 1 . . . . . Botnet 9 | . 1 3 3 . . 2 . . Operators 1 | . . . . . . 1 . . Fabricators . | . . . . . . . . . Repair Stations . | . . . . . . . . . Recycling Units . | . . . . . . . . . Scanalyzers . | . . . . . . . . . Garrison Access . | . . . . . . . . . Data Cores Recovered 2 | . . 1 1 . . . . . Used 1 | . . 1 . . . . . . Hacking Detections 19 | . 2 5 4 . . 6 2 . Full Trace Events 5 | . 1 . 1 . . 2 1 . Feedback Events 1 | . . . 1 . . . . . Corruption 1 | . . . 1 . . . . . Feedback Blocked . | . . . . . . . . . Robot Schematics Acquired . | . . . . . . . . . Robots Built . | . . . . . . . . . Authchips . | . . . . . . . . . Time . | . . . . . . . . . Total Robot Build Rating . | . . . . . . . . . Part Schematics Acquired 2 | . . . . . . 2 . . Parts Built . | . . . . . . . . . Authchips . | . . . . . . . . . Time . | . . . . . . . . . Total Part Build Rating . | . . . . . . . . . Part Studies Acquired 4 | . . . . . . 1 3 . Parts Repaired 1 | . . 1 . . . . . . Time 32 | . . 32 . . . . . . Parts Recycled . | . . . . . . . . . Recycled Matter . | . . . . . . . . . Retrieved Matter . | . . . . . . . . . Retrieved Components . | . . . . . . . . . Parts Scanalyzed 2 | . . . . . . 2 . . Part Schematics Acquired 2 | . . . . . . 2 . . Parts Damaged . | . . . . . . . . . Bothacking | -11 -10 -9 -8 -7 -7 -6 -5 -5 ------------ Run | Yrd Mat Mat Mat Fac DSF Fac Fac Ext Used RIF Installer . | . . . . . . . . . Robots Hacked 4 | . . 4 . . . . . . Non-combat 3 | . . 3 . . . . . . Combat 1 | . . 1 . . . . . . Robot Hacks Applied 8 | . . 8 . . . . . . parse_system 4 | . . 4 . . . . . . no_distress 3 | . . 3 . . . . . . find_station 1 | . . 1 . . . . . . Relay Couplers Released . | . . . . . . . . . Fabnet Peak Effective % . | . . . . . . . . . Robots Rewired 1 | . . . . . . . . 1 Allies Hacked . | . . . . . . . . . Hacks Repelled . | . . . . . . . . . Allies | -11 -10 -9 -8 -7 -7 -6 -5 -5 -------- Run | Yrd Mat Mat Mat Fac DSF Fac Fac Ext Total Allies 1 | . . . . . . . . 1 Largest Group 1 | . . . . . . . . 1 Highest-Rated Group 31 | . . . . . . . . 31 Highest-Rated Ally 31 | . . . . . . . . 31 Initial Warlord ECA Mod 9 | . . . . . . 9 8 8 Total Orders . | . . . . . . . . . Ally Attacks 3 | . . . . . . . . 3 Total Damage 63 | . . . . . . . . 63 Kills . | . . . . . . . . . Allies Corrupted . | . . . . . . . . . Allies Melted . | . . . . . . . . . Intel | -11 -10 -9 -8 -7 -7 -6 -5 -5 ------- Run | Yrd Mat Mat Mat Fac DSF Fac Fac Ext Active Infowar (turns) 3366 | 52 591 . 867 40 226 1272 316 2 Optics 2594 | . 260 . 867 40 62 1049 316 . Sensors 2 | . . . . . 2 . . . IFF 181 | . . . . . . . 179 2 Terrain 486 | . . . . . . 249 237 . Structural 115 | . . . . . . 115 . . Seismic 383 | 52 331 . . . . . . . Cloaking 877 | . . . . . 164 713 . . ECM 24 | . . . . . . 17 6 1 Robot Analysis Total 1 | . . 1 . . . . . . Derelict Logs Recovered . | . . . . . . . . . Drone Launches . | . . . . . . . . . Drone Recoveries . | . . . . . . . . . Exploration | -11 -10 -9 -8 -7 -7 -6 -5 -5 ------------- Run | Yrd Mat Mat Mat Fac DSF Fac Fac Ext Turns Passed 5865 | 158 709 1644 888 40 296 1372 577 181 Spaces Moved 3155 | 104 376 665 431 68 199 904 341 67 Core 79 | 18 10 7 2 . . 19 23 . Treads 786 | . 123 450 213 . . . . . Legs 145 | . 49 . 6 . . 30 60 . Wheels 755 | 86 51 47 87 . . 289 195 . Hover 1020 | . 55 . 32 68 199 536 63 67 Flight 370 | . 88 161 91 . . 30 . . Fastest Speed 27 | 50 32 29 27 38 38 48 50 70 Average Speed 114 | 80 119 163 117 38 67 101 102 70 Slowest Speed 500 | 100 250 450 350 38 171 500 200 70 Overloaded Moves . | . . . . . . . . . Propulsion Burnouts . | . . . . . . . . . Robots Hopped 2 | . 2 . . . . . . . Potential Cave-ins . | . . . . . . . . . Cave-ins Triggered . | . . . . . . . . . Exploration Rate (%) 29 | 3 42 48 36 3 85 28 8 9 Regions Visited 8 Branch Regions 1 Pre-discovered Areas . | . . . . . . . . . Known Exits Taken 3 | . 1 . . 1 . 1 . . Unknown Exits Taken 4 | 1 . 1 1 . . . 1 . Scrap Searched . | . . . . . . . . . Spaces Dug 9 | . . . . . . 1 3 5 Terrain Destroyed 129 | . 3 57 3 . 1 31 26 8 Melee . | . . . . . . . . . Projectile 35 | . . 1 3 . 1 8 15 7 AOE 93 | . 3 56 . . . 23 11 . Terrain Rammed . | . . . . . . . . . Walls Destroyed . | . . . . . . . . . Machines Disabled . | . . . . . . . . . Actions | -11 -10 -9 -8 -7 -7 -6 -5 -5 --------- Run | Yrd Mat Mat Mat Fac DSF Fac Fac Ext Total 4868 | 149 578 1094 737 84 325 1220 527 154 Wait 819 | 9 112 231 186 3 36 114 102 26 Move 3144 | 103 371 664 430 68 198 903 340 67 Hop 2 | . 2 . . . . . . . Pick Up 141 | 13 14 40 12 6 17 27 11 1 Fast Attach 90 | . 10 7 23 . 13 23 14 . Attach 71 | 7 3 19 2 3 6 20 7 4 Detach 11 | . 1 4 1 . 1 4 . . Swap 42 | . 6 19 6 . 5 4 2 . Drop 154 | 2 21 26 36 4 25 28 12 . Fire 311 | 15 38 64 41 . 23 56 27 47 Melee 61 | . . 20 . . . 41 . . Ram 5 | . . . . . . . 5 . Kick . | . . . . . . . . . Crush . | . . . . . . . . . Escape Stasis 7 | . . . . . . . 7 . Rewire 10 | . . . . . 1 . . 9 Trap . | . . . . . . . . . Miscellaneous . | . . . . . . . . . Route ------- -11/Scrapyard -10/Materials -9/Materials (discovered 3 exits: *Mat / *Min x2) -8/Materials -7/Factory -7/DSF -6/Factory -5/Factory -5/Extension History --------- Turn | Location | Event 29 | -11/Scrapyard | Discovered new exit (range 16) 159 | -11/Scrapyard | Entered Materials 310 | -10/Materials | Build established: Mutant 861 | -10/Materials | Discovered new exit (range 12) 867 | -10/Materials | Identified exit to Materials 868 | -10/Materials | Entered another Materials area 868 | -9/Materials | Evolved 2 slots: Propulsion x1, Utility x1 1322 | -9/Materials | Discovered new exit (range 10) 1379 | -9/Materials | Identified exit to Mines 1600 | -9/Materials | Core integrity fell below 50% 1627 | -9/Materials | Core integrity fell below 20% 1674 | -9/Materials | Lost 6 parts (2p1n2u1w) 2041 | -9/Materials | Discovered exit to Mines (range 12) 2187 | -9/Materials | Repaired VTOL Module 2506 | -9/Materials | Discovered new exit (range 5) 2512 | -9/Materials | Entered another Materials area 2512 | -8/Materials | Evolved 2 slots: Propulsion x1, Utility x1 3122 | -8/Materials | Garrison activated, responded to threat 3232 | -8/Materials | Discovered new exit (range 12) 3400 | -8/Materials | Entered Factory 3400 | -7/Factory | Evolved 2 slots: Utility x2 3440 | -7/Factory | Identified exit to DSF 3440 | -7/Factory | Entered DSF 3481 | -7/DSF | Additional patrols routed to DSF 3688 | -7/DSF | Sterilization system engaged 3708 | -7/DSF | Ambient heat levels rising (+10) 3723 | -7/DSF | Ambient heat levels rising (+10) 3726 | -7/DSF | Discovered new exit (range 14) 3736 | -7/DSF | Entered Factory 3736 | -6/Factory | Evolved 2 slots: Utility x2 3927 | -6/Factory | Lost 5 parts (4n1u) 3951 | -6/Factory | Central database locked down 4566 | -6/Factory | Lost 5 parts (1p1n2u1w) 4611 | -6/Factory | Core integrity fell below 50% 4656 | -6/Factory | Lost 10 parts (1p1n4u4w) 5045 | -6/Factory | Core integrity fell below 20% 5090 | -6/Factory | Build established: Scavenger-Skirmisher 5102 | -6/Factory | Discovered new exit (range 8) 5107 | -6/Factory | Identified exit to Factory 5108 | -6/Factory | Entered another Factory area 5108 | -5/Factory | Evolved 2 slots: Power x1, Utility x1 5455 | -5/Factory | Core integrity fell below 50% 5488 | -5/Factory | Lost 13 parts (3p2n5u3w) 5675 | -5/Factory | Core integrity fell below 20% 5675 | -5/Factory | Discovered new exit (range 15) 5685 | -5/Factory | Entered Extension 5705 | -5/Extension | Disrupted transfer network 5709 | -5/Extension | Lost 5 parts (2n2u1w) 5866 | -5/Extension | Destroyed by G-50 Soldier with Heavy Laser Last Messages --------------- 05812_ Destroyed Carbon-fiber Leg. 05816_ Slug penetrates Wall. 05832_ Slug penetrates Reinforced Barrier. 05834_ Slug penetrates Wall. 05836_ System corrupted: Matter fused (-6). 05836_ Slug penetrates Reinforced Barrier. 05849_ Acquired Com. Wheel. 05850_ Acquired 124 matter. 05853_ G-50 Soldier springs to life. 05855_ System corrupted: Component data lost. 05855_ Attempting to rewire 1F-LXU(g). 05855_ 1F-LXU(g) rewired. 05857_ Attempting to rewire 13-V48(g). 05860_ G-50 Soldier suffers critical hit (Burn). 05860_ Attempting to rewire 13-V48(g). 05860_ 1F-LXU(g) destroyed. 05861_ Attempting to rewire 13-V48(g). 05862_ 13-V48(g) destroyed. 05863_ Acquired 51 matter. 05864_ Attempting to rewire IG-7K3(l). Map ----- +----------------------------------------------------+ | | | | | | | | | | | | | | | | | | | | | | | ??????????????????????????????????????????????? | | ??????????????????????????????????????????????? | | ??????????????????????????????????????????????? | | ???????????######?????????????????????????????? | | ???????????# ?????????????????????????????? | | ?????????### #?????????????????????????????? | | ?????????? # #?????????????????????????????? | | ??????????? #?????????????????????????????? | | ?????###???# #?????????????????????????????? | | ?????#"##??#^ #####+##??????????????????????? | | ?????#""#??# # #??????????????????????? | | ?????# #??# # [!*#??????????????????????? | | ?????#"##### #! g[[[#??????????????????????? | | ?????# ; g[% #??????????????????????? | | ?????# ########## [l@#??????????????????????? | | ?????# ####?????# ! #??????????????????????? | | ?????# #????????########??????????????????????? | | ?????# #??????????????????????????????????????? | | ?????# #??????????????????????????????????????? | | ?????# #??????????????????????????????????????? | | ?????# #??????????????????????????????????????? | | ?????# #??????????????????????????????????????? | | ?????# #??????????????????????????????????????? | | ?????# #??????????????????????????????????????? | | ?????# #??????????????????????????????????????? | | ?????# #??????????????????????????????????????? | | ?????# #??????????????????????????????????????? | | ?????# #??????????????????????????????????????? | | ?????# #??????????????????????????????????????? | | ?????# #??????????????????????????????????????? | | ?????# #??????????????????????????????????????? | | ?????# #??????????????????????????????????????? | | ?????# #??????????????????????????????????????? | | ?????# #??????????????????????????????????????? | | ?##### #####??????????????????????????????????? | | ?# "" "" #??????????????????????????????????? | | ?# " " ##########?????????????????????????? | | ?# ????????????????????????? | | ?# ????????????????????????? | +----------------------------------------------------+ Best States ------------- Heat Dissipation 59 Energy Generation 31 Energy Capacity 310 Matter Stores 300 Matter Capacity 300 Sight Range 22 Robot Scan Range 15 Terrain Scan Range 16 Terrain Scan Density 85 ECM Strength 2 Cloak Strength 3 Additional Mass Support 6 Base Temperature (-) 150 Armor Coverage 600 Resistance: TH 20 Resistance: EM 25 Power Shielding 90 Propulsion Shielding 33 Utility Shielding 66 Weapon Shielding 66 Phase Shifting 5 Evasion (%) 64 Targeting Accuracy 6 Core Analysis 6 Armor Integrity Analysis 30 Recoil Reduction 3 Energy Filtering 30 Offensive Hacking 12 Authchip Count 1 Item Schematics ----------------- Recalibrator | -6/Factory | Scanalyzed Adv. ECM Suite | -6/Factory | Scanalyzed Robot Schematics ------------------ None Fabricated ------------ Nothing Repaired ---------- VTOL Module | 16% | -9/Materials Studied --------- Nuclear Pulse Thruster | -6/Factory | Hacked Wheel | -5/Factory | Hacked Gyrokinetic Inverter | -5/Factory | Hacked Imp. Datajack | -5/Factory | Hacked Alien Tech Used ----------------- None Achievements -------------- None Challenges ------------ None Game ------ Seed ProjectilePitchforkForcegen Manual? 0 Play Time 01:50:15 Cumulative 91.1 hours Start 2026.09.09 @ 17:27:09 End 2026.09.09 @ 19:47:42 Sessions 1 Manual Loads 0 Difficulty Rogue Special Mode None Game No. 149 Rogue 149 Adventurer 0 Explorer 0 Win Type - Total 0 Types 0/0/0/0/0/0/0/0/0/0 Lore% 28 Gallery% 38 Achievement% 30 Wizard Run 0 Options --------- Layout 1 ASCII 0 Keyboard 0 Movement Mouse Keybinds 0 Fullscreen 1 Font 16/Cog Map View 50x40 Zoom Use 0% Tactical HUD 1 Map Filters NONE Filters NONE Steam 1 RUN: 31a303c1-475c-4831-8cdf-d113914337f0